 Dungeon Crawl Stone Soup version 0.27-a0-1281-ge233d83751 (webtiles) character file.

Game seed: 4974679532388201265

28781 Delamore the Severer (level 13, -4/91 HPs)
             Began as a Formicid Fighter on June 14, 2021.
             Was an Initiate of Gozag.
             Slain by a two-headed ogre (15 damage)
             ... in a volcano.
             The game lasted 00:17:18 (13596 turns).

Delamore the Severer (Formicid Fighter)            Turns: 13596, Time: 00:17:18

Health: -4/91      AC: 18    Str: 31    XL:     13   Next: 76%
Magic:  13/13      EV:  9    Int:  9    God:    Gozag
Gold:   643        SH: 14    Dex: 10    Spells: 12/12 levels left

rFire    . . .     SeeInvis +   W - +9 heavy crossbow "Sniper" {vorpal, Acc+∞ SInv}
rCold    + . .     Faith    .   c - +1 kite shield
rNeg     . . .     Spirit   .   R - +2 chain mail {rC+}
rPois    .         Reflect  .   (helmet unavailable)
rElec    .         Harm     .   F - +1 cloak
rCorr    .         Rampage  +   b - +0 pair of gloves
Will     +....                  D - +0 pair of boots {rampage}
Stlth    ..........             l - amulet of regeneration
HPRegen  1.25/turn              m - +6 ring of strength
MPRegen  0.13/turn              (no ring)

@: studying 2 skills
A: permanent stasis, dig shafts and tunnels, antennae 3, four strong arms
a: Dig, Renounce Religion, Potion Petition, Call Merchant, Bribe Branch


You were in a volcano.
You worshipped Gozag.
Gozag was pleased with you.
You visited 3 branches of the dungeon, and saw 14 of its levels.
You also visited: Sewer and Volcano.

You collected 2696 gold pieces.
You spent 1886 gold pieces at shops.
You paid 167 gold pieces to Gozag.

Inventory:

Hand Weapons
 q - a +3 whip of flaming
 N - the +4 battleaxe of Lies {venom, rCorr Str+2}
   (You bought it in a shop on level 1 of the Dungeon)

   It poisons the flesh of those it strikes.
   It affects your strength (+2).
   It protects you from acid and corrosion.
 Q - the +10 shortbow "Dittec" {flame, rC+}
   (You found it on level 8 of the Dungeon)

   It causes projectiles fired from it to burn those they strike, causing extra
   injury to most foes and up to half again as much damage against particularly
   susceptible opponents.
   It protects you from cold.
 W - the +9 heavy crossbow "Sniper" (weapon) {vorpal, Acc+∞ SInv}
   (You bought it in a shop on level 1 of the Dungeon)

   Any bolt fired from it inflicts extra damage.
   It lets you see invisible.
Missiles
 f - a throwing net
 i - 8 javelins
 r - 16 silver javelins
 u - 49 poisoned darts
 I - 89 bolts (quivered ammo)
 P - 216 arrows
 S - a curare-tipped dart
 U - 8 silver boomerangs
Armour
 b - a +0 pair of gloves (worn)
 c - a +1 kite shield (worn)
 D - a +0 pair of boots of rampaging (worn)
 F - a +1 cloak (worn)
 R - a +2 chain mail of cold resistance (worn)
Jewellery
 l - an amulet of regeneration (around neck)
 m - a +6 ring of strength (left hand)
 v - a ring of ice
 O - a ring of protection from cold
Wands
 e - a wand of acid (7)
 n - a wand of flame (40)
 E - a wand of polymorph (4)
 G - a wand of charming (4)
 H - a wand of iceblast (28)
 K - a wand of paralysis (5)
 L - a wand of digging (3)
Scrolls
 a - 2 scrolls of immolation
 j - 2 scrolls of noise
 x - a scroll of fog
 y - 2 scrolls of enchant weapon
 T - 2 scrolls of identify
 V - a scroll of silence
Potions
 d - 3 potions of might
 g - 3 potions of lignification
 h - 2 potions of heal wounds
 k - a potion of magic
 o - a potion of attraction
 p - a potion of resistance {unknown}
 s - 2 potions of cancellation {unknown}
 t - 7 potions of flight
 w - a potion of haste {unknown}
 z - 3 potions of brilliance
 A - 2 potions of mutation {unknown}
 B - a potion of invisibility {unknown}
 C - 3 potions of ambrosia {unknown}
 M - a potion of curing


   Skills:
 - Level 5.0 Fighting
 + Level 17.7 Axes
 + Level 1.7 Crossbows
 - Level 10.0 Armour
 - Level 10.0 Shields


You had 12 spell levels left.
You didn't know any spells.
Your spell library contained the following spells:

 Spells                   Type           Power      Damage    Failure   Level
 Animate Skeleton         Necr           0%         N/A       83%         1
 Apportation              Tloc           0%         N/A       83%         1
 Beastly Appendage        Tmut           0%         N/A       83%         1
 Corona                   Hex            0%         N/A       83%         1
 Foxfire                  Conj/Fire      0%         2x1d4     83%         1
 Freeze                   Ice            0%         1d3       83%         1
 Magic Dart               Conj           0%         1d3       83%         1
 Summon Small Mammal      Summ           0%         N/A       83%         1
 Call Imp                 Summ           0%         N/A       92%         2
 Ensorcelled Hibernation  Hex/Ice        0%         N/A       92%         2
 Searing Ray              Conj           0%         3d3       92%         2
 Slow                     Hex            0%         N/A       92%         2
 Wereblood                Tmut           0%         N/A       92%         2
 Confusing Touch          Hex            0%         N/A       99%         3
 Conjure Flame            Conj/Fire      0%         6-21      99%         3
 Dazzling Flash           Conj/Hex       0%         N/A       99%         3
 Gell's Gravitas          Tloc           0%         N/A       99%         3
 Inner Flame              Hex/Fire       0%         N/A       99%         3
 Mephitic Cloud           Conj/Pois/Air  0%         N/A       99%         3
 Ozocubu's Armour         Ice            0%         N/A       99%         3
 Spider Form              Tmut/Pois      0%         N/A       99%         3
 Fulminant Prism          Conj/Hex       0%         3d6       100%        4
 Ice Form                 Ice/Tmut       0%         N/A       100%        4
 Iskenderun's Mystic Bla  Conj/Tloc      0%         2d3       100%        4
 Petrify                  Tmut/Erth      0%         N/A       100%        4
 Sticky Flame             Conj/Fire      0%         2d3       100%        4
 Fireball                 Conj/Fire      0%         3d3       100%        5
 Freezing Cloud           Conj/Ice/Air   0%         6-21      100%        5
 Metabolic Englaciation   Hex/Ice        0%         N/A       100%        5
 Yara's Violent Unravell  Hex/Tmut       0%         3d3       100%        5
 Blink                    Tloc           Unusable   N/A       N/A         2

Dungeon Overview and Level Annotations

Branches:
Dungeon (12/15)            Temple (1/1) D:6            Lair (1/6) D:9
    Orc (0/2) D:12          Sewer (visited)         Volcano (1/1)

Altars:
Ashenzari
Cheibriados
Dithmenos
Elyvilon
Gozag
Hepliaklqana
Kikubaaqudgha
Nemelex Xobeh
Okawaru
Qazlal
Ru
Sif Muna
Trog
Uskayaw
Vehumet
Wu Jian
Xom
Yredelemnul
Zin
The Shining One
Beogh

Shops:
D:1 (   D:6 =**?=   D:7 ?


Innate Abilities, Weirdness & Mutations

You cannot be hasted, slowed, berserked, paralysed or teleported.
You can dig through walls and to a lower floor.
You have a pair of large antennae on your head. (SInv)
Your four strong arms can wield two-handed weapons with a shield.


Message History

You block the two-headed ogre's attack.
A hell knight comes into view.
It is wielding a +0 scimitar of flaming and wearing a +2 chain mail of fire resistance.
The two-headed ogre closely misses you. You block the two-headed ogre's attack.
You shoot a bolt. The hell knight shouts!
The bolt hits the two-headed ogre!
The two-headed ogre is severely wounded.
A two-headed ogre comes into view.
It is wielding a +2 great mace of flaming and a +1 great mace of flaming.
You block the two-headed ogre's attack. x2
You shoot a bolt. The bolt hits the two-headed ogre!!
You kill the two-headed ogre!
You are engulfed in blazing flames.
Ouch! That really hurt!
* * * LOW HITPOINT WARNING * * *
The two-headed ogre hits you with a +2 great mace of flaming!
* * * LOW HITPOINT WARNING * * *
The two-headed ogre burns you.
* * * LOW HITPOINT WARNING * * *
You block the two-headed ogre's attack.
The two-headed ogre is distracted by your dazzling golden aura.
The two-headed ogre is no longer distracted by gold.
You are too injured to fight recklessly!
Fire: 91 bolts
Press: ? - help, Q - select action, (/) - cycle Shift-Dir - straight line, f - two-headed ogre
Aim: a two-headed ogre, wielding a +2 great mace of flaming and a +1 great mace of flaming (100% to hit)
You shoot a bolt.
The bolt hits the two-headed ogre but does no damage.
Fire: 90 bolts
Press: ? - help, Q - select action, (/) - cycle Shift-Dir - straight line, f/p - two-headed ogre
Aim: a two-headed ogre, wielding a +2 great mace of flaming and a +1 great mace of flaming (100% to hit)
You shoot a bolt. The bolt hits the two-headed ogre.
The two-headed ogre is lightly wounded.
The two-headed ogre hits you with a +2 great mace of flaming!
* * * LOW HITPOINT WARNING * * *
The two-headed ogre burns you.
* * * LOW HITPOINT WARNING * * *
The two-headed ogre hits you but does no damage.
The two-headed ogre hits you with a +2 great mace of flaming!
You die...
Your body crumbles into a pile of gold.

##≈§§§....≈≈#
#≈≈§8...8≈##
####...(.##
#.....#
#8...8#
#.....#
#.....#
#8..O8#
#...@.#
#.....#
#8...8#
#.....#
#.....#
#8.∩.8#
##...## ##∩##
###


You could see a two-headed ogre.

Vanquished Creatures
  Azrael (D:12)
  A yaktaur captain (D:12)
  Harold (D:10)
  4 boulder beetles
  3 hydras
  Erica (D:9)
  5 two-headed ogres
  An ogre mage (Volcano)
  A centaur warrior (D:8)
  The ghost of Wyvric the Zephyrmancer, a novice TeTm of Gozag (D:8)
  A manticore (D:11)
  4 ugly things
  A cyclops (D:12)
  3 gargoyles
  A kobold demonologist (D:10)
  Psyche (D:10)
  A komodo dragon (D:12)
  A hornet (D:9)
  5 trolls
  A slime creature (D:12)
  A shadow (D:10)
  4 vampires
  3 wyverns
  11 yaks
  A fire elemental (D:12)
  2 steam dragons (D:8)
  A basilisk (D:12)
  4 vampire mosquitoes (D:11)
  4 wargs (D:12)
  An acid dragon (D:8)
  3 hell hounds (D:12)
  2 water moccasins
  2 black bears
  12 orc warriors
  A necrophage (D:6)
  3 sky beasts
  2 ogres
  5 centaurs
  2 kobold brigands
  2 bullfrogs
  2 scorpions (D:5)
  2 gnoll sergeants
  A water moccasin zombie (D:5)
  9 killer bees
  5 wights (D:8)
  6 howler monkeys
  2 electric eels (D:7)
  3 hounds
  5 centaur zombies
  A bullfrog skeleton (D:7)
  A jelly (D:5)
  Crazy Yiuf (D:5)
  9 orc priests
  Jessica (D:3)
  5 iguanas
  13 orc wizards
  A merfolk avatar (Sewer)
  A merfolk siren (Sewer)
  A killer bee zombie (D:7)
  A howler monkey skeleton (D:7)
  13 adders
  3 gnolls (D:9)
  3 river rats (Sewer)
  2 white imps
  3 ufetubi
  An adder zombie (D:5)
  3 worms
  2 dart slugs
  53 orcs
  13 ball pythons
  8 endoplasms
  5 giant cockroaches
  9 hobgoblins
  7 jackals (D:2)
  9 quokkas
  2 bats
  5 frilled lizards
  12 goblins
  10 kobolds
  28 rats
365 creatures vanquished.

Vanquished Creatures (others)
  An orc (D:7)
  3 fungi (D:5)
  A plant (D:4)
5 creatures vanquished.

Grand Total: 370 creatures vanquished

Notes
Turn   | Place    | Note
-------+----------+-------------------------------------------
     0 | D:1      | Delamore the Formicid Fighter began the quest for the Orb.
     0 | D:1      | Reached XP level 1. HP: 18/18 MP: 1/1
   604 | D:1      | Reached XP level 2. HP: 24/24 MP: 2/2
   623 | D:1      | Found a faded altar of an unknown god.
   630 | D:1      | Became a worshipper of the Shining One
   630 | D:1      | Reached * piety under the Shining One
   764 | D:1      | Found Ublafotzy's Antique Weapon Shoppe.
   972 | D:2      | Reached skill level 3 in Axes
   972 | D:2      | Reached XP level 3. HP: 26/30 MP: 3/3
  1169 | D:2      | Reached XP level 4. HP: 28/37 MP: 4/4
  1673 | D:3      | Noticed Jessica
  1675 | D:3      | Killed Jessica
  1676 | D:3      | Reached skill level 4 in Axes
  1684 | D:3      | Reached XP level 5. HP: 42/42 MP: 5/5
  1706 | D:3      | Found a glowing silver altar of Zin.
  1986 | D:3      | Found a broken altar of Ashenzari.
  2497 | D:4      | Reached ** piety under the Shining One
  2632 | D:4      | Reached XP level 6. HP: 49/49 MP: 6/6
  2938 | D:4      | Reached skill level 5 in Axes
  3128 | D:4      | Reached skill level 5 in Fighting
  3248 | D:4      | Noticed an ogre
  3289 | D:4      | Killed an ogre
  3574 | D:5      | Entered Level 5 of the Dungeon
  3763 | D:5      | Reached skill level 6 in Axes
  3763 | D:5      | Reached XP level 7. HP: 45/56 MP: 7/7
  3882 | D:5      | Reached skill level 7 in Axes
  4137 | D:5      | Reached XP level 8. HP: 62/62 MP: 8/8
  4884 | D:5      | Found a runed translucent door.
  4885 | D:5      | Noticed Crazy Yiuf
  4890 | D:5      | Killed Crazy Yiuf
  4891 | D:5      | Reached skill level 8 in Axes
  4957 | D:6      | Found Uvalyxok's Magic Scroll Emporium.
  4957 | D:6      | Found Wuugaog's Jewellery Emporium.
  4969 | D:6      | Bought a scroll of magic mapping for 52 gold pieces
  5009 | D:6      | Found a glowing drain.
  5034 | Sewer    | Entered a sewer
  5358 | D:6      | Reached skill level 9 in Axes
  5415 | D:6      | Found Gizy's General Store.
  5470 | D:6      | Found Cotto's Assorted Antiques.
  5485 | D:6      | Bought a scroll labelled LOBEHE IGGUR for 30 gold pieces
  5485 | D:6      | Bought a scroll labelled NOIRRAI JUSI for 30 gold pieces
  5512 | D:6      | Found a radiant altar of Vehumet.
  5547 | D:6      | Reached skill level 10 in Axes
  5547 | D:6      | Reached XP level 9. HP: 68/68 MP: 9/9
  5550 | D:6      | Reached *** piety under the Shining One
  5631 | D:6      | Identified the +9 dagger "Xotrarho" {holy, rElec rCorr
                  | Str-3 Int+7}
  5665 | D:6      | Found Qepn's Jewellery Emporium.
  5685 | D:6      | Found a staircase to the Ecumenical Temple.
  5784 | D:6      | Reached skill level 11 in Axes
  5831 | Temple   | Entered the Ecumenical Temple
  5950 | Temple   | Fell from the grace of the Shining One
  5950 | Temple   | Became a worshipper of Gozag Ym Sagoz the Greedy
  6389 | D:7      | Found Huakogar's Magic Scroll Boutique.
  6428 | D:7      | Bought a scroll of fear for 38 gold pieces
  6809 | D:7      | Reached skill level 12 in Axes
  7180 | D:8      | Reached XP level 10. HP: 61/74 MP: 10/10
  7204 | D:8      | Reached skill level 13 in Axes
  7357 | D:8      | Found a sparkling altar of Nemelex Xobeh.
  7392 | D:8      | Found a white marble altar of Elyvilon.
  7659 | D:8      | Found a runed translucent gate.
  7661 | D:8      | Found a runed translucent gate.
  7662 | D:8      | Noticed Wyvric's ghost (novice TeTm)
  7663 | D:8      | Found a runed translucent gate.
  7960 | D:8      | Noticed a two-headed ogre
  7967 | D:8      | Killed a two-headed ogre
  7968 | D:8      | Reached skill level 14 in Axes
  8025 | D:8      | Reached skill level 5 in Shields
  8044 | D:8      | Reached XP level 11. HP: 56/79 MP: 11/11
  8047 | D:8      | Reached skill level 5 in Armour
  8123 | D:8      | Noticed a seven-headed hydra
  8128 | D:8      | Noticed a centaur warrior
  8131 | D:8      | Noticed a boulder beetle
  8132 | D:8      | Killed a seven-headed hydra
  8193 | D:8      | Killed a boulder beetle
  8418 | D:8      | Noticed a white ugly thing
  8418 | D:8      | Noticed a green ugly thing
  8440 | D:8      | Killed a green ugly thing
  8446 | D:8      | Killed a centaur warrior
  8470 | D:8      | Killed a green ugly thing
  8673 | D:8      | Identified the Tome of the Snowflakes
  8676 | D:8      | Identified the +10 shortbow "Dittec" {flame, rC+}
  9169 | D:8      | Killed Wyvric's ghost
  9445 | D:1      | Bought a scorched battleaxe for 241 gold pieces
  9445 | D:1      | Identified the +4 battleaxe of Lies {venom, rCorr Str+2}
                  | (You bought it in a shop on level 1 of the Dungeon)
  9944 | D:9      | Found a staircase to the Lair.
 10031 | D:9      | Noticed Erica
 10038 | D:9      | Killed Erica
 10039 | D:9      | Reached XP level 12. HP: 86/86 MP: 12/12
 10390 | D:10     | Entered Level 10 of the Dungeon
 10482 | D:10     | Noticed Harold
 10485 | D:10     | Reached skill level 10 in Shields
 10491 | D:10     | Killed Harold
 10502 | D:10     | Noticed Psyche
 10512 | D:10     | Killed Psyche
 10593 | D:10     | Reached skill level 10 in Armour
 11400 | D:11     | Reached skill level 15 in Axes
 12208 | D:12     | Found a staircase to the Orcish Mines.
 12227 | D:12     | Noticed a boulder beetle
 12235 | D:12     | Killed a boulder beetle
 12422 | D:12     | Noticed a boulder beetle
 12423 | D:12     | Noticed a yaktaur captain
 12424 | D:12     | Noticed a boulder beetle
 12436 | D:12     | Killed a boulder beetle
 12437 | D:12     | Reached XP level 13. HP: 48/91 MP: 13/13
 12454 | D:12     | Killed a yaktaur captain
 12455 | D:12     | Reached skill level 16 in Axes
 12475 | D:12     | Killed a boulder beetle
 12531 | D:12     | Noticed Azrael
 12556 | D:12     | Killed Azrael
 12557 | D:12     | Reached skill level 17 in Axes
 12615 | D:12     | Noticed a five-headed hydra
 12626 | D:12     | Killed an 11-headed hydra
 12935 | D:12     | Noticed a four-headed hydra
 12941 | D:12     | Killed a four-headed hydra
 13282 | D:1      | Bought the +9 heavy crossbow "Sniper" {vorpal, Acc+∞ SInv}
                  | for 1495 gold pieces
 13282 | D:1      | Found the +9 heavy crossbow "Sniper" {vorpal, Acc+∞ SInv}
 13538 | Lair:1   | Entered Level 1 of the Lair of Beasts
 13547 | Lair:1   | Found a dark tunnel.
 13551 | Volcano  | Entered a volcano
 13568 | Volcano  | Noticed an ogre mage
 13570 | Volcano  | Killed an ogre mage
 13571 | Volcano  | Reached skill level 1 in Crossbows
 13576 | Volcano  | Found a burning altar of Makhleb.
 13596 | Volcano  | Slain by a two-headed ogre

Illustrated notes

Levels and vault maps discovered:
D:1:      dpeg_arrival_renting, layout_basic,
          hellmonk_ecumenical_altar_pennies_from_heaven, serial_shops, shop,
          minmay_tetromino_i4
D:2:      layout_basic
D:3:      cheibrodos_greedy_goblins, layout_basic, old_standard_altar,
          lemuel_crystal_altar, palyth_stone_intersect, uniq_jessica
D:4:      layout_loops_corners, minivault_5, chequers_big_river
D:5:      layout_basic, serial_co_window_serial, co_window_of_opportunity_a,
          co_window_paths_a, co_window_corner_a, co_window_paths_a,
          co_window_paths_b, co_window_of_opportunity_b, co_window_corner_cb,
          co_window_broadway_a, co_window_corner_b, co_window_paths_c,
          co_window_corner_b, co_window_4corner_a, co_window_paths_d,
          glass_columns_b, glass_columns_a, glass_columns_a,
          uniq_crazy_yiuf_cottage
D:6:      layout_rooms, nicolae_overflow_crystal_walls,
          minmay_temple_entry_overgrown, serial_shops, shop, shop, shop, shop,
          shop, gup_sewer_entry_pipe, minmay_fractal_squares_diagonal_5
D:7:      layout_basic, serial_shops, nicolae_shop_waterfront,
          kennysheep_generic_room_4
D:8:      minmay_the_grid_triangle_9x9_rhombus_full
          [minmay_the_grid_triangle_9x9_longest,
          minmay_the_grid_triangle_9x9_windchime,
          minmay_the_grid_triangle_9x9_wacky_v,
          minmay_the_grid_triangle_9x9_thin_v,
          minmay_the_grid_triangle_9x9_steps,
          minmay_the_grid_triangle_9x9_sprig,
          minmay_the_grid_triangle_9x9_dagger,
          minmay_the_grid_triangle_9x9_prize_insulated], layout_loops_ring,
          amcnicky_altar_gilded, general_overflow_altar,
          biasface_ghost_orc_armoury, hangedman_decor_push
D:9:      layout_gridville, lair_entry_dummy, uniq_erica
D:10:     layout_basic, uniq_psyche, uniq_harold
D:11:     layout_loops_corners
D:12:     minmay_connected_boxes_in_corner, layout_irregular_city,
          minmay_orc_entry_guard_dogs, uniq_azrael
Temple:   minmay_crystal_spiral_temple
Lair:1:   layout_concentric_octagons, enter_volcano_2, lemuel_old_faithful
Volcano:  kennysheep_volcano_temple

Skill      XL: |  1  2  3  4  5  6  7  8  9 10 11 12 13 |
---------------+----------------------------------------+-----
Axes           | 3 4 6 7 10 12 14 15 17 | 17.7
Fighting       | 4 5 |  5.0
Armour         | 4 9 10 | 10.0
Shields        | 5 9 10 | 10.0
Crossbows      | 1 |  1.7

Action                   |  1- 3 |  4- 6 |  7- 9 | 10-12 | 13-15 || total
-------------------------+-------+-------+-------+-------+-------++-------
Melee: War axe           |    58 |   134 |   287 |   250 |       ||   729
       Hand axe          |       |       |    67 |       |       ||    67
       Battleaxe         |       |       |       |   201 |    94 ||   295
       Whip              |       |       |       |     3 |       ||     3
 Fire: Heavy crossbow    |       |       |       |       |     7 ||     7
       Shortbow          |       |       |       |       |     5 ||     5
 Abil: Dig               |       |     2 |     6 |     5 |     4 ||    17
Evoke: Wand              |       |       |       |     8 |       ||     8
  Use: Scroll            |     5 |     6 |     8 |     3 |     1 ||    23
       Potion            |       |       |     2 |     1 |       ||     3
 Stab: Paralysed         |       |       |       |     5 |       ||     5
       Distracted        |       |       |       |     4 |     1 ||     5
Armor: Scale mail        |    29 |    43 |     5 |       |       ||    77
       Plate armour      |       |       |   155 |    24 |       ||   179
       Chain mail        |       |       |       |   139 |    41 ||   180
Dodge: Dodged            |    31 |    58 |    54 |    84 |    21 ||   248
Block: Kite shield       |    42 |    75 |   178 |   261 |    42 ||   598

Table legend: (Time is in decaauts)
 A = Elapsed time spent in this place.
 B = Non-inter-level travel time spent in this place.
 C = Inter-level travel time spent in this place.
 D = Time resting spent in this place.
 E = Time spent auto-exploring this place.
 F = Levels seen in this place.
 G = Mean time per level.
                   A        B        C        D        E       F      G
               +--------+--------+--------+--------+--------+-----+--------+
         Total |  13798 |  12400 |   1398 |    655 |   9065 |  16 |  862.4 |
       Dungeon |  13179 |  11857 |   1322 |    655 |   8783 |  12 | 1098.2 |
        Temple |    189 |    114 |     75 |      0 |    112 |   1 |  189.0 |
          Lair |     13 |     13 |      0 |      0 |      0 |   1 |   13.0 |
         Sewer |    360 |    360 |      0 |      0 |    152 |   1 |  360.0 |
       Volcano |     55 |     55 |      0 |      0 |     17 |   1 |   55.0 |
               +--------+--------+--------+--------+--------+-----+--------+

Top non-repeatable levels by time:
     D:8: 2207 daAuts
     D:5: 1533 daAuts
     D:4: 1261 daAuts
     D:1: 1111 daAuts
     D:7: 1046 daAuts
    D:11: 1001 daAuts
    D:12: 914 daAuts
     D:2: 890 daAuts
     D:3: 850 daAuts
     D:6: 819 daAuts
     D:9: 800 daAuts
    D:10: 742 daAuts
   Sewer: 360 daAuts
  Temple: 189 daAuts
 Volcano: 55 daAuts
